 Dungeon Crawl Stone Soup version 0.28.0-49-g6dfe1f597d (webtiles) character file.

Game seed: 14285406034216521562

4395 Zeld the Fighter (level 10, -6/79 (88) HPs)
             Began as a Palentonga Fighter on May 19, 2022.
             Was a Follower of Okawaru.
             Mangled by a wolf (7 damage)
             ... led by Grum
             ... on level 7 of the Dungeon.
             The game lasted 00:09:51 (11341 turns).

Zeld the Fighter (Palentonga Fighter)              Turns: 11341, Time: 00:09:52

HP:   -6/79 (88)    AC: 16    Str: 24    XL:     10   Next: 13%
MP:   10/10         EV:  9    Int:  8    God:    Okawaru [*.....]
Gold: 134           SH: 10    Dex: 10    Spells: 9/9 levels left

rFire   + . .      SeeInvis +   a - +0 long sword
rCold   + . .      Faith    .   q - +0 buckler
rNeg    . . .      Spirit   .   b - +0 scale mail
rPois   +          Reflect  +   B - +2 helmet
rElec   .          Harm     .   x - scarf {rC+ rF+}
rCorr   .          Rampage  .   (no gloves)
Will    .....                   (no barding)
Stlth   ..........              w - amulet of reflection
HPRegen 0.23/turn               e - ring of poison resistance
MPRegen 0.12/turn               (no ring)

@: heavily drained, curled up
A: large, rugged brown scales 3, see invisible, deformed body, roll 1, armoured
tail, reflexive curl
a: Rolling Charge, Renounce Religion, Heroism


You were on level 7 of the Dungeon.
You worshipped Okawaru.
Okawaru was aware of your devotion.
You visited 2 branches of the dungeon, and saw 9 of its levels.
You also visited: Sewer.

You collected 278 gold pieces.
You spent 144 gold pieces at shops.

Inventory:

Hand Weapons
 a - a +0 long sword (weapon)
Armour
 b - a +0 scale mail (worn)
 q - a +0 buckler (worn)
 x - a scarf of resistance (worn)
 B - a +2 helmet (worn)
Jewellery
 e - a ring of poison resistance (left hand)
 w - an amulet of reflection (around neck)
Wands
 D - a wand of flame (12)
Scrolls
 c - a scroll of vulnerability {unknown}
 k - 3 scrolls of teleportation {unknown}
 l - a scroll of immolation {unknown}
 n - 6 scrolls of identify {unknown}
 o - 2 scrolls of noise {unknown}
 r - a scroll of enchant armour {unknown}
 t - 2 scrolls of fog {unknown}
 u - 2 scrolls of blinking {unknown}
 y - a scroll of enchant weapon {unknown}
 A - a scroll of holy word {unknown}
 C - a scroll of amnesia {unknown}
Potions
 d - a potion of berserk rage
 f - 3 potions of curing
 g - 5 potions of degeneration {unknown}
 h - 4 potions of invisibility {unknown}
 i - 2 potions of haste {unknown}
 j - 2 potions of brilliance
 m - 5 potions of resistance {unknown}
 p - 3 potions of flight {unknown}
 s - 8 potions of heal wounds {unknown}
 v - 2 potions of cancellation {unknown}
 z - a potion of ambrosia {unknown}


   Skills:
 * Level 9.1 Fighting
 * Level 8.9 Long Blades
 - Level 2.4 Armour
 + Level 4.8 Dodging
 + Level 5.5 Shields


You had 9 spell levels left.
You didn't know any spells.
Your spell library was empty.

Dungeon Overview and Level Annotations

Branches:
Dungeon (8/15)             Temple (1/1) D:7           Sewer (visited)
   Lair: D:8-11

Altars:
Ashenzari
Cheibriados
Dithmenos
Elyvilon
Fedhas
Gozag
Kikubaaqudgha
Makhleb
Nemelex Xobeh
Okawaru
Qazlal
Sif Muna
Trog
Vehumet
Wu Jian
Yredelemnul
The Shining One

Shops:
D:5 !

Annotations:
D:8 Grum, Maggie


Innate Abilities, Weirdness & Mutations

You are completely covered in rugged brown scales. (AC +3, +7% HP)
You have supernaturally acute eyesight. (SInv)
Armour fits poorly on your strangely shaped body.
You can roll at nearby foes to attack.
You have a long armoured tail.
You curl defensively after being hit. (AC +7*)


Message History

Grum is heavily wounded.
The wight barely misses you. Grum hits you with a +1 glaive!!
A wolf comes into view.
You hit Grum. You tail-slap Grum!
Grum is almost dead.
Grum hits you with a +1 glaive!!
The wight hits you from afar with a +2 trident.
You block Grum's attack. The wolf bites you.
You see here a wolf corpse.
The wolf bites you but does no damage. You block the wolf's attack.
There is a stone staircase leading up here.
The wolf bites you but does no damage.
Grum hits you from afar with a +1 glaive!
* * * LOW HITPOINT WARNING * * *
The wolf closely misses you.
You climb upwards.
There is a stone staircase leading down here.
You barely miss the wolf. You block the wolf's attack. The wolf bites you.
* * * LOW HITPOINT WARNING * * *
You miss the wolf. You block the wolf's attack. x2
Unknown command.
You hit the wolf.
The wolf is lightly wounded.
The wolf bites you but does no damage.
Unknown command.
You miss the wolf.
The wolf is lightly wounded.
The wolf barely misses you. The wolf bites you but does no damage.
Unknown command.
You hit the wolf but do no damage.
The wolf is lightly wounded.
The wolf bites you!
* * * LOW HITPOINT WARNING * * *
Unknown command.
You closely miss the wolf.
The wolf is lightly wounded.
The wolf barely misses you. The wolf bites you!
You die...

# ###)..........##...... #
###.............##.....# #
##.............#.######## #
######..............#..######
#...#...............##.....(#
#...................#######.##
#......###..........# #...
#......# #..........# ####
#..<#### #...@..<...# #...#
#....h.....# #####
############


You could see a wolf.

Vanquished Creatures
  Harold (D:7)
  Sigmund (D:2)
  A yak (D:7)
  A steam dragon (D:7)
  2 water moccasins
  Duvessa (D:7)
  An orc warrior (D:5)
  A black bear (D:4)
  2 ice beasts (D:6)
  3 necrophages
  4 ogres
  A wolf (D:8)
  A centaur (D:5)
  2 phantoms
  A kobold brigand (Sewer)
  2 bullfrogs (D:6)
  2 water moccasin zombies
  2 scorpions (D:5)
  Dowan (D:7)
  A water moccasin skeleton (D:4)
  A wight (D:7)
  2 howler monkeys
  A centaur zombie (D:5)
  A hound (D:6)
  Crazy Yiuf (D:7)
  3 orc priests
  A gnoll shaman (D:7)
  3 centaur skeletons (D:7)
  2 jellies
  A bullfrog skeleton (D:5)
  4 iguanas
  8 orc wizards
  A killer bee zombie (D:6)
  5 gnolls
  A howler monkey skeleton (D:7)
  12 adders
  7 river rats
  2 shadow imps
  A white imp (D:7)
  3 worms
  4 dart slugs
  30 orcs
  8 endoplasms
  7 giant cockroaches
  5 goblins
  7 hobgoblins
  5 jackals
  24 kobolds
  6 quokkas
  13 ball pythons
  6 bats
  6 frilled lizards
  26 rats
238 creatures vanquished.

Notes
Turn   | Place    | Note
-------+----------+-------------------------------------------
     0 | D:1      | Zeld the Palentonga Fighter began the quest for the Orb.
     0 | D:1      | Reached XP level 1. HP: 19/19 MP: 1/1
     2 | D:1      | Noticed an elf
     2 | D:1      | Noticed a formicid
     4 | D:1      | Noticed a vine stalker
     4 | D:1      | Noticed a human
     8 | D:1      | Noticed an ogre
     8 | D:1      | Noticed a draconian
    12 | D:1      | Noticed a tengu
    12 | D:1      | Noticed a ghoul
    14 | D:1      | Noticed a demigod
    14 | D:1      | Noticed an octopode
    16 | D:1      | Noticed a spriggan
    16 | D:1      | Noticed a troll
    18 | D:1      | Noticed a felid
    18 | D:1      | Noticed a gargoyle
    20 | D:1      | Noticed a naga
    20 | D:1      | Noticed a merfolk
    22 | D:1      | Noticed a vampire
    22 | D:1      | Noticed a demonspawn
    24 | D:1      | Noticed a dwarf
    26 | D:1      | Noticed a minotaur
    91 | D:1      | Found a faded altar of an unknown god.
   149 | D:1      | Reached XP level 2. HP: 25/25 MP: 2/2
   547 | D:1      | Reached XP level 3. HP: 20/31 MP: 3/3
  1416 | D:2      | Noticed Sigmund
  1720 | D:2      | Reached skill level 1 in Dodging
  1727 | D:2      | Reached XP level 4. HP: 32/37 MP: 4/4
  1887 | D:2      | Killed Sigmund
  1888 | D:2      | Reached skill level 4 in Fighting
  1888 | D:2      | Reached XP level 5. HP: 25/46 MP: 5/5
  2523 | D:3      | Reached XP level 6. HP: 31/52 MP: 6/6
  2838 | D:3      | Found a stormy altar of Qazlal.
  3420 | D:3      | Found a snail-covered altar of Cheibriados.
  3875 | D:4      | Found a shadowy altar of Dithmenos.
  3896 | D:4      | Reached skill level 5 in Fighting
  4270 | D:4      | Gained mutation: You curl defensively after being hit. (AC
                  | +7*) [Palentonga growth]
  4270 | D:4      | Reached XP level 7. HP: 40/59 MP: 7/7
  4498 | D:4      | Reached skill level 5 in Long Blades
  4860 | D:4      | Found a white marble altar of Elyvilon.
  4880 | D:5      | Entered Level 5 of the Dungeon
  4934 | D:5      | Found Avymun's Distillery.
  4948 | D:5      | Bought a potion of berserk rage for 60 gold pieces
  4948 | D:5      | Bought a potion of curing for 36 gold pieces
  4948 | D:5      | Bought a potion of brilliance for 48 gold pieces
  5054 | D:5      | Found a bloodstained altar of Trog.
  5454 | D:5      | Reached skill level 6 in Fighting
  5560 | D:5      | Reached XP level 8. HP: 67/68 MP: 8/8
  6921 | D:6      | Found a glowing drain.
  6953 | Sewer    | Entered a sewer
  7033 | Sewer    | Reached skill level 7 in Fighting
  7843 | D:6      | Reached XP level 9. HP: 45/77 MP: 9/9
  8989 | D:7      | Reached skill level 8 in Fighting
  9013 | D:7      | Noticed Harold
  9064 | D:6      | Reached skill level 5 in Shields
  9450 | D:7      | Found a staircase to the Ecumenical Temple.
  9467 | Temple   | Entered the Ecumenical Temple
  9552 | Temple   | Became a worshipper of Warmaster Okawaru
  9670 | D:7      | Noticed Dowan
  9776 | D:7      | Noticed Duvessa
  9845 | D:7      | Killed Harold
  9845 | D:7      | Reached * piety under Okawaru
 10203 | D:7      | Killed Duvessa
 10206 | D:7      | Killed Dowan
 10450 | D:7      | Reached XP level 10. HP: 87/87 MP: 10/10
 10687 | D:7      | Found a runed translucent door.
 10688 | D:7      | Noticed Crazy Yiuf
 10750 | D:7      | Killed Crazy Yiuf
 10751 | D:7      | Reached skill level 9 in Fighting
 10841 | D:8      | Noticed Maggie
 11257 | D:8      | Noticed Grum
 11340 | D:7      | HP: 1/79 [wolf[Grum] (9)]
 11341 | D:7      | Mangled by a wolf

Illustrated notes

Levels and vault maps discovered:
D:1:      kb_arrival_jail, layout_rooms, ebering_ecumenical_altar_mist,
          minmay_pentomino_s2
D:2:      layout_rooms, uniq_sigmund
D:3:      layout_loops_ring, mainiacjoe_overflow_cross_hatched, slow_altar_2,
          chequers_serial_rivers_micro_d, hangedman_decor_points,
          minmay_misc_feat_square
D:4:      kennysheep_spiral_hall, layout_loops_ring, kennysheep_mini,
          nicolae_dithmenos_shadow_blocks
D:5:      layout_loops_ring, nicolae_overflow_crystal_walls, serial_shops,
          kennysheep_little_box, minmay_misc_feat_five
D:6:      layout_rooms, portal_sewer_entry_b
D:7:      layout_rooms, minmay_temple_entry_mini_moons, uniq_harold,
          uniq_crazy_yiuf_cottage, uniq_duvessa
D:8:      layout_basic, uniq_grum, uniq_maggie
Temple:   hc_temple_tempest_star

Skill      XL: |  1  2  3  4  5  6  7  8  9 10 |
---------------+-------------------------------+-----
Dodging        | 1 2 3 4 |  4.8
Long Blades    | 3 4 5 7 8 |  8.9
Fighting       | 4 5 6 7 8 9 |  9.1
Shields        | 3 4 5 |  5.5
Armour         | |  2.4

Action                   |  1- 3 |  4- 6 |  7- 9 | 10-12 || total
-------------------------+-------+-------+-------+-------++-------
Melee: Long sword        |   144 |   129 |   478 |    87 ||   838
       Tailslap          |     7 |    17 |    58 |    17 ||    99
 Abil: Rolling Charge    |       |     4 |     9 |     2 ||    15
  Use: Potion            |       |     1 |     1 |       ||     2
Armor: Scale mail        |    86 |    37 |   168 |    26 ||   317
Dodge: Dodged            |    65 |    45 |   165 |    39 ||   314
Block: Buckler           |    28 |    31 |   224 |    59 ||   342
       Reflection        |       |       |     3 |       ||     3
